Map: Acid Plant LE

Players

Woogie - Winner!

  • Race: Zerg Zerg
  • League: Diamond
  • Spawn Location: 11:00

CatDaWG

  • Race: Zerg Zerg
  • League: Diamond
  • Spawn Location: 5:00

VOD

Have the link to the VOD?

Description

I get a 3rd down quickly as I see no pressure incoming and get my gasses just as fast. Roach Rav and +2/+2 come out quickly for the win.

Time

  • Played on: Sept. 19, 2018, 8:54 p.m.
  • Length: 10:22
Show
View Real Time Build Order
Export as new Build Order

Woogie Zerg - Winner!

Build Orders: Hatch First 

Get SALT Encoding   

  12  0:01  Drone  
  13  0:13  Drone  
  14  0:17  Overlord  
  14  0:36  Drone x3  
  17  0:56  Hatchery  
  16  0:57  Drone  
  17  1:12  Spawning Pool  
  17  1:15  Drone, Extractor  
  16  1:21  Drone  
  16  1:23  Drone  
  18  1:32  Drone  
  19  1:41  Drone  
  20  1:51  Overlord  
  20  1:59  Queen  
  22  2:09  Queen  
  22  2:12  Drone x2  
  26  2:16  Drone  
  27  2:24  Metabolic Boost  
  27  2:28  Drone x2  
  27  2:29  Overlord  
  29  2:39  Queen  
  29  2:41  Drone  
  29  2:42  Drone  
  33  2:52  Drone x2  
  35  3:04  Roach Warren  
  34  3:07  Evolution Chamber  
  34  3:10  Extractor  
  34  3:11  Extractor  
  31  3:19  Queen  
  33  3:20  Drone  
  33  3:21  Drone x6  
  40  3:32  Evolution Chamber  
  39  3:47  Zerg Missile Weapons Level 1  
  39  3:49  Drone  
  39  3:50  Drone x4  
  39  3:53  Overlord x2  
  44  4:06  Zerg Ground Armor Level 1  
  44  4:18  Drone x6  
  50  4:26  Overlord  
  50  4:42  Hatchery  
  49  4:50  Lair  
  49  4:53  Roach  
  49  4:54  Roach x5  
  61  5:09  Overlord  
  61  5:10  Overlord x3  
  61  5:26  Drone x3, Extractor  
  63  5:29  Drone  
  64  5:48  Roach x9  
  82  5:59  Roach x3  
  82  6:01  Glial Reconstitution  
  82  6:02  Zerg Missile Weapons Level 2  
  88  6:06  Zerg Ground Armor Level 2  
  88  6:14  Drone x3  
  91  6:27  Extractor  
  91  6:29  Overlord x4  
  91  6:30  Overlord  
  91  6:31  Extractor  
  89  6:48  Roach  
  89  6:49  Roach x9  
  91  7:07  Roach  
  91  7:08  Roach x5  
  93  7:16  Ravager  
  93  7:20  Ravager  
  93  7:21  Ravager  
  93  7:22  Ravager  
  97  7:23  Drone x6  
  97  7:24  Queen  
  97  7:25  Queen  
  97  7:28  Queen  
  109  7:52  Roach  
  109  7:53  Roach x8  
  127  8:03  Overseer  
  127  8:06  Overlord x2  
  127  8:07  Overlord  
  123  8:39  Roach  
  123  8:40  Roach x11  
  139  8:54  Roach x7  
  153  8:59  Hydralisk Den  
  152  9:08  Ravager  
  152  9:09  Ravager  
  152  9:26  Spire  
  151  9:44  Hatchery  
Show
View Real Time Build Order
Export as new Build Order

CatDaWG Zerg 

Build Orders: Hatch First 

Get SALT Encoding   

  12  0:01  Drone  
  13  0:13  Overlord  
  13  0:17  Drone  
  14  0:32  Drone x2  
  16  0:36  Drone  
  17  0:55  Hatchery  
  16  1:00  Drone x2  
  18  1:14  Extractor  
  18  1:16  Spawning Pool  
  16  1:19  Drone  
  16  1:21  Drone  
  18  1:31  Drone  
  19  1:51  Drone x2  
  21  2:02  Overlord  
  21  2:06  Queen  
  21  2:07  Queen  
  26  2:08  Zergling x2  
  26  2:12  Zergling x2  
  27  2:20  Drone  
  28  2:23  Drone  
  29  2:31  Metabolic Boost  
  29  2:36  Baneling Nest  
  28  2:38  Drone x2  
  28  2:39  Overlord  
  30  2:52  Drone x2  
  32  3:00  Queen x2  
  32  3:04  Drone  
  32  3:05  Drone  
  38  3:20  Drone x4  
  38  3:21  Drone x2  
  38  3:22  Baneling x2  
  43  3:54  Roach Warren, Lair  
  42  3:56  Drone x2  
  42  3:58  Extractor  
  42  3:59  Hatchery, Drone x2, Extractor  
  43  4:24  Drone  
  44  4:30  Overlord x3  
  44  4:31  Overlord  
  44  4:50  Glial Reconstitution  
  44  4:54  Roach x6  
  56  5:07  Roach x3  
  62  5:15  Roach x2  
  66  5:28  Roach  
  66  5:29  Evolution Chamber, Roach x5  
  66  5:31  Overlord x3  
  77  5:45  Roach x2  
  81  6:01  Roach x5  
  81  6:02  Roach x6  
  103  6:22  Overlord x4  
  103  6:33  Drone x3  
  103  6:39  Zerg Missile Weapons Level 1  
  106  6:42  Drone x6  
  112  6:52  Roach x3  
  81  7:10  Roach x3  
  81  7:11  Roach x3  
  83  7:18  Roach x3  
  83  7:21  Ravager x3  
  92  7:29  Drone x6  
  98  7:43  Ravager  
  100  7:44  Ravager  
  100  7:47  Roach x6  
  112  7:54  Zergling x8  
  112  7:55  Zergling x8  
  120  8:10  Overlord x3  
  120  8:17  Roach x5  
  105  8:49  Roach x4  
  105  8:50  Roach x10, Zergling x6  
  105  8:51  Zergling x2  
  137  9:05  Roach x4  
  143  9:24  Roach x5, Overlord  
  149  9:25  Overlord x2  
  151  9:49  Evolution Chamber  
  151  9:50  Zergling x10  
Tags
 
Add a new tag
Caveats
  • Supply blocks, unpowered buildings, or Contaminate may cause inaccurate times.
  • Supply counts are checked every 10 seconds.